 Dungeon Sprint DCSS version 0.18-b1-14-g029dad2 (webtiles) character file.

148236 otab the Axe Maniac (level 17, -5/171 HPs)
             Began as a Hill Orc Fighter on Apr 30, 2016.
             Was the Champion of Makhleb.
             Slain by Mnoleg (13 damage)
             ... in the Dungeon (Sprint V: "Ziggurat Sprint").
             The game lasted 00:13:49 (1595 turns).

otab the Axe Maniac (Hill Orc Fighter)              Turns: 1595, Time: 00:13:50

Health: -5/171     AC: 49    Str: 37    XL:     17   Next: 48%
Magic:  7/31       EV: 21    Int: 12    God:    Makhleb [******]
Gold:   13         SH: 39    Dex: 22    Spells: 0 memorised, 18 levels left

rFire  . . .     SeeInvis +     L - +14 obsidian axe {chop, +Fly Str+3 SInv *Curse} (curse)
rCold  + . .     Gourm    .     M - +15 Maxwell's patent armour {-Cast -Tele rElec MR+ rCorr}
rNeg   + + .     Faith    .     N - +18 shield of the gong {rElec rN+ MR+ EV-5}
rPois  +         Spirit   .     (no helmet)
rElec  +         Dismiss  +     c - +2 cloak of Starlight {rElec rC+ EV+4 Stlth--}
rCorr  +         Reflect  .     V - +0 pair of gloves {Dex+3}
SustAt .         Harm     .     P - +3 pair of boots "Biul" {rPois Str+2}
MR     ++++.     NoTele   +     C - amulet of Wacipeti {Dismiss +Blink MR+ Slay+3}
Stlth  .......... NoCast   +    b - ring "Wihuh" {*Corrode AC+4 Str+7 Int+4}
                                T - ring of Shadows {Umbra +Inv rN+ SInv}

@: mighty, agile, aura of abjuration, incredibly resistant to hostile
enchantments, extremely unstealthy
A: frail 1, weak 1
a: Minor Destruction, Lesser Servant of Makhleb, Major Destruction, Greater
Servant of Makhleb, Renounce Religion, Convert to Beogh, Evoke Blink, Evoke
Invisibility, Evoke Flight


You were in the Dungeon.
You worshipped Makhleb.
Makhleb was exalted by your worship.
You were not hungry.

You visited 1 branch You collected 13 gold pieces.

Inventory:

Hand Weapons
 F - the +6 scimitar of Flaming Death {sticky flame, rPois rF++ rC- MR+}
   (You took it off a wight in the Dungeon)

   It has been specially enchanted to burn those struck by it, causing extra
   injury to most foes and up to half again as much damage against particularly
   susceptible opponents.
   Big, fiery blades are also staple armaments of hydra-hunters.
   It greatly protects you from fire.
   It makes you vulnerable to cold.
   It protects you from poison.
   It affects your resistance to hostile enchantments.
 L - the cursed +14 obsidian axe (weapon) {chop, +Fly Str+3 SInv *Curse}
   (You found it in the Dungeon)

   It inflicts extra damage upon your enemies.
   It affects your strength (+3).
   It lets you see invisible.
   It lets you fly.
   It may re-curse itself when equipped.
   It has a curse placed upon it.
Armour
 c - the +2 cloak of Starlight (worn) {rElec rC+ EV+4 Stlth--}
   (You found it in the Dungeon)

   It affects your evasion (+4).
   It protects you from cold.
   It insulates you from electricity.
   It makes you much less stealthy.
 l - a +5 gold dragon armour
 M - the +15 Maxwell's patent armour (worn) {-Cast -Tele rElec MR+ rCorr}
   (You found it in the Dungeon)

   It insulates you from electricity.
   It affects your resistance to hostile enchantments.
   It prevents spellcasting.
   It prevents most forms of teleportation.
   It protects you from acid and corrosion.
 N - the +18 shield of the gong (worn) {rElec rN+ MR+ EV-5}
   (You found it in the Dungeon)

   It affects your evasion (-5).
   It insulates you from electricity.
   It protects you from negative energy.
   It affects your resistance to hostile enchantments.
 P - the +3 pair of boots "Biul" (worn) {rPois Str+2}
   (You found it in the Dungeon)

   It affects your strength (+2).
   It protects you from poison.
 V - a +0 pair of gloves of dexterity (worn)
Jewellery
 b - the ring "Wihuh" (right hand) {*Corrode AC+4 Str+7 Int+4}
   (You found it in the Dungeon)

   [ring of protection]

   It affects your AC (+4).
   It affects your strength (+7).
   It affects your intelligence (+4).
   It may corrode you when you take damage.
 y - the ring "Enolecit" {EV+1 Dex+5}
   (You found it in the Dungeon)

   [ring of evasion]

   It affects your evasion (+1).
   It affects your dexterity (+5).
 C - the amulet of Wacipeti (around neck) {Dismiss +Blink MR+ Slay+3}
   (You found it in the Dungeon)

   [amulet of dismissal]

   It may teleport away creatures that harm you.
   It affects your accuracy and damage with ranged weapons and melee attacks
   (+3).
   It affects your resistance to hostile enchantments.
   It lets you blink.
 T - the ring of Shadows (left hand) {Umbra +Inv rN+ SInv}
   (You found it in the Dungeon)

   [ring of positive energy]

   It protects you from negative energy.
   It lets you see invisible.
   It lets you turn invisible.
 Y - the ring "Hen Xyda" {Wiz rC+ rN+ Str+4}
   (You found it in the Dungeon)

   [ring of wizardry]

   It improves your spell success rate.
   It affects your strength (+4).
   It protects you from cold.
   It protects you from negative energy.
Wands
 a - a wand of heal wounds (4/9)
 G - a wand of disintegration (7/24)
 H - a wand of iceblast (3/15)
 I - a wand of lightning (5/15)
 J - a wand of acid (5/15)
 S - a wand of heal wounds (2/9)
Scrolls
 k - 4 scrolls of blinking
 p - 3 scrolls of brand weapon
 r - 4 scrolls of amnesia
 s - 3 scrolls of recharging
 t - 7 scrolls of fog
 u - 2 scrolls of holy word
 v - 5 scrolls of identify
 w - 5 scrolls of remove curse
 x - 2 scrolls of fear
Potions
 d - 7 potions of might
 e - 9 potions of curing
 g - 7 potions of heal wounds
 h - 7 potions of haste
 i - 7 potions of magic
 j - 2 potions of berserk rage
 m - 2 potions of brilliance
 o - 4 potions of resistance
 q - 5 potions of agility
Miscellaneous
 B - a sack of spiders
 D - an ornate deck of wonders
 E - 2 phantom mirrors
 K - a disc of storms
 O - a plain deck of summoning {drawn: 1}
 Q - a box of beasts
 R - a fan of gales
 U - a legendary deck of summoning {drawn: 4}
 W - a legendary deck of destruction {drawn: 5}
 Z - an ornate deck of changes
Comestibles
 f - 5 bread rations
 z - 42 fruits
 A - 3 meat rations (quivered)


   Skills:
 O Level 27 Fighting
 O Level 27 Axes
 + Level 20.4 Armour
 + Level 8.7 Dodging
 O Level 27 Shields
 + Level 1.0 Spellcasting
 * Level 21.0 Evocations


You had 18 spell levels left.
You didn't know any spells.

Dungeon Overview and Level Annotations

Branches:
Dungeon (1/1)

Altars:
Ashenzari
Cheibriados
Dithmenos
Elyvilon
Fedhas
Gozag
Kikubaaqudgha
Makhleb
Nemelex Xobeh
Okawaru
Pakellas
Qazlal
Ru
Sif Muna
Trog
Vehumet
Xom
Yredelemnul
Zin
The Shining One
Beogh
Jiyva
Lugonu

Annotations:
D Asmodeus, Chuck, Dissolution, Frederick, Geryon, Ilsuiw, Jory, Khufu, Lernaean hydra, Margery, Mennas, Mnoleg, Nikola, Saint Roka, Serpent of Hell, Urug


Innate Abilities, Weirdness & Mutations

You are frail (-10% HP).
You are weak. (Str -2)


Message History

The spectral giant gecko shudders.
You are no longer entranced.
The eye of draining dissolves into a puddle of slime!
The great orb of eyes dissolves into a puddle of slime!
The giant eyeball dissolves into a puddle of slime!
You block Mennas's attack.
GONNNNG!
You block Mennas's attack.
GONNNNG!
The bat skeleton is engulfed in roaring flames.
Mennas is engulfed in roaring flames.
You block Mennas's attack.
GONNNNG!
Mennas misses you.
Chuck says, "Big rocks, small rocks, huge rocks!
Magic rocks!"
Chuck throws a large rock of returning.
The large rock of returning hits your wind drake!!
The weapon returns to Chuck!
Geryon misses you. Mnoleg claws you!!
* * * LOW HITPOINT WARNING * * *
Mnoleg tentacle-slaps you!
You die...

......▓ ......▓
..§..§D........
......▓
...§..§D.......
......▓
..@.M§§§.......
......▓
.Z..MZo......
.▓....▓
▓Fz§§o§.Cm▓
▓▓▓.. .
▓▓.§V&.kw▓▓ .
.▓...
..▓..JA@§h.\▓..
.....
......)@&&.§\..
.....
......§9..§..─*
.....
......§...§....
▓▓▓▓▓
▓▓▓▓▓▓▓▓▓▓▓▓▓▓▓


You could see Asmodeus, Mnoleg, Geryon, the Serpent of Hell, Khufu, Saint Roka,
Jory, Dissolution, Margery, Frederick (berserk), Ilsuiw (invisible), Mennas, the
27-headed Lernaean hydra, an eldritch tentacle, Chuck, Urug, a spectral giant
gecko, a spiny frog, a flying skull, a mummy, a bat skeleton, a friendly wind
drake, a friendly polar bear (paralysed) and a friendly molten gargoyle.

Vanquished Creatures
  2 ancient liches (D)
  A juggernaut (shapeshifter) (D)
  A pandemonium lord (D)
  A caustic shrike (shapeshifter) (D)
  A lich (D)
  6 acid blobs (D)
  2 tentacled starspawn (D)
  Polyphemus (D)
  A thorn hunter (D)
  6 azure jellies (D)
  Wiglaf (D)
  Aizul (D)
  A frost giant (shapeshifter) (D)
  A ghost moth (D)
  A ghoul (D)
  4 spriggan defenders (D)
  3 stone giants (D)
  A dire elephant (shapeshifter) (D)
  2 apis (D)
  3 vampire knights (D)
  Azrael (D)
  2 dire elephants (D)
  6 death oozes (D)
  Snorg (D)
  2 minotaurs (shapeshifter) (D)
  4 vault guards (D)
  Josephine (D)
  A yaktaur captain (D)
  3 great orbs of eyes (D)
  A hydra (shapeshifter) (D)
  3 hydras (D)
  5 spriggan air magi (D)
  2 satyrs (D)
  An anaconda (D)
  A dancing weapon (D)
  3 spriggan berserkers (D)
  A death yak (shapeshifter) (D)
  3 deep elf knights (D)
  A thrashing horror (D)
  2 spriggans (D)
  A shock serpent (shapeshifter) (D)
  2 skeletal warriors (D)
  2 giant orange brains (D)
  A spriggan druid (D)
  2 lindwurms (D)
  A wolf spider (shapeshifter) (D)
  An orc knight (D)
  2 lindwurms (shapeshifter) (D)
  3 wolf spiders (D)
  A mana viper (shapeshifter) (D)
  4 necromancers (D)
  6 orc sorcerers (D)
  2 deep elf magi (D)
  4 shining eyes (D)
  2 large abominations (D)
  3 oklob plants (D)
  5 hornets (D)
  A moth of wrath (shapeshifter) (D)
  A rust devil (D)
  A guardian serpent (shapeshifter) (D)
  An elephant (shapeshifter) (D)
  Maurice (D)
  An eye of devastation (shapeshifter) (D)
  3 spiny frogs (D)
  2 black mambas (D)
  An eye of devastation (D)
  4 komodo dragons (D)
  A rime drake (shapeshifter) (D)
  A rime drake (D)
  2 yaktaurs (D)
  A demonic crawler (D)
  3 trolls (D)
  A jumping spider (shapeshifter) (D)
  An ancient zyme (D)
  2 jumping spiders (D)
  A polar bear (shapeshifter) (D)
  A two-headed ogre (D)
  Grinder (D)
  A two-headed ogre (shapeshifter) (D)
  17 slime creatures (D)
  2 boulder beetles (D)
  A tarantella (shapeshifter) (D)
  An air elemental (D)
  3 redbacks (D)
  A ynoxinul (D)
  A tarantella (D)
  A wyvern (shapeshifter) (D)
  A yak (shapeshifter) (D)
  3 shadows (D)
  2 yaks (D)
  A basilisk (shapeshifter) (D)
  A hippogriff (shapeshifter) (D)
  3 golden eyes (D)
  A hog (shapeshifter) (D)
  A golden eye (shapeshifter) (D)
  3 hippogriffs (D)
  2 mottled dragons (shapeshifter) (D)
  2 nagas (D)
  A warg (D)
  A soldier ant (shapeshifter) (D)
  A hell hound (D)
  A giant eyeball (D)
  2 giant eyeballs (shapeshifter) (D)
  15 water moccasins (D)
  6 orc warriors (D)
  3 black bears (D)
  2 eyes of draining (D)
  2 necrophages (D)
  A wasp (shapeshifter) (D)
  5 wasps (D)
  3 ogres (D)
  A boggart (shapeshifter) (D)
  4 wolves (D)
  A crocodile (shapeshifter) (D)
  7 crocodiles (D)
  5 wights (D)
  2 crimson imps (D)
  4 starcursed masses (D)
  2 jellies (D)
  2 quasits (D)
  3 iron imps (D)
  An orc priest (D)
  Terence (D)
  3 mummies (D)
  3 river rats (D)
  4 adders (D)
  A shadow imp (D)
  7 white imps (D)
  3 ufetubi (D)
  2 adder skeletons (D)
  3 adder zombies (D)
  3 bat skeletons (D)
  3 bat zombies (D)
  6 ball pythons (D)
  A giant cockroach zombie (D)
  A giant gecko zombie (D)
  A jackal zombie (D)
  A quokka zombie (D)
  4 briar patches (D)
  2 butterflies (D)
  4 starspawn tentacles (D)
333 creatures vanquished.

Vanquished Creatures (collateral kills)
  2 vault guards (D)
  2 hydras (D)
  A death yak (D)
  Pikel (D)
  3 necromancers (D)
  A slime creature (D)
  A worldbinder (D)
  An eye of devastation (shapeshifter) (D)
  A komodo dragon (D)
  A spriggan (D)
  An orc warrior (D)
  A starcursed mass (D)
  An eye of draining (D)
  A necrophage (D)
  A small abomination (D)
  A scorpion (shapeshifter) (D)
  4 wights (D)
  A starspawn tentacle (D)
25 creatures vanquished.

Vanquished Creatures (others)
  Norris (D)
  Frances (D)
  Nessos (D)
  Erolcha (D)
  A hydra (D)
  Harold (D)
  Erica (D)
  A vampire mage (D)
  Sonja (D)
  Joseph (D)
  A dryad (D)
  Sigmund (D)
  A fire bat (shapeshifter) (D)
  Eustachio (D)
  Menkaure (D)
  Edmund (D)
  Purgy (D)
  Crazy Yiuf (D)
  Jessica (D)
  8 briar patches (D)
  6 eldritch tentacle segments (D)
  A starspawn tentacle (D)
  18 starspawn tentacle segments (D)
52 creatures vanquished.

Grand Total: 410 creatures vanquished

Notes
Turn   | Place    | Note
--------------------------------------------------------------
     0 | D        | otab the Hill Orc Fighter began the quest for the Orb.
     0 | D        | Reached XP level 1. HP: 19/19 MP: 1/1
     5 | D        | Found a viscous altar of Jiyva.
     5 | D        | Found a roughly hewn altar of Beogh.
     5 | D        | Found a corrupted altar of Lugonu.
     5 | D        | Found a white marble altar of Elyvilon.
     5 | D        | Found a sparkling altar of Nemelex Xobeh.
     6 | D        | Found a burning altar of Makhleb.
     6 | D        | Found an iron altar of Okawaru.
     6 | D        | Found a deep blue altar of Sif Muna.
     6 | D        | Found a radiant altar of Vehumet.
     6 | D        | Found a bloodstained altar of Trog.
     6 | D        | Found a shimmering altar of Xom.
    24 | D        | Killed Sigmund
    56 | D        | Became a worshipper of Makhleb the Destroyer
    61 | D        | Entered arena 1.
    61 | D        | Noticed a wolf
    61 | D        | Noticed a black bear
    63 | D        | Killed a wolf
    63 | D        | Reached skill level 5 in Axes
    63 | D        | Reached skill level 5 in Armour
    63 | D        | Reached skill level 5 in Shields
    63 | D        | Reached XP level 2. HP: 24/30 MP: 2/2
    63 | D        | Reached XP level 3. HP: 30/37 MP: 3/3
    63 | D        | Reached XP level 4. HP: 36/44 MP: 4/4
    65 | D        | Killed a black bear
    65 | D        | Reached * piety under Makhleb
    65 | D        | Reached XP level 5. HP: 38/52 MP: 5/5
    79 | D        | Killed Crazy Yiuf
   105 | D        | Entered arena 2.
   105 | D        | Noticed an air elemental
   105 | D        | Noticed a deep elf knight
   105 | D        | Noticed a deep elf knight
   110 | D        | Killed an air elemental
   110 | D        | Reached XP level 6. HP: 55/62 MP: 6/6
   114 | D        | Killed a deep elf knight
   114 | D        | Reached skill level 10 in Fighting
   114 | D        | Reached skill level 10 in Axes
   114 | D        | Reached skill level 10 in Armour
   114 | D        | Reached skill level 10 in Shields
   114 | D        | Reached XP level 7. HP: 66/73 MP: 7/7
   114 | D        | Reached XP level 8. HP: 73/81 MP: 8/8
   116 | D        | Killed a deep elf knight
   116 | D        | Reached ** piety under Makhleb
   129 | D        | Entered arena 3.
   129 | D        | Noticed a tentacled starspawn
   136 | D        | Killed a tentacled starspawn
   136 | D        | Reached XP level 9. HP: 78/92 MP: 9/9
   144 | D        | Entered arena 4.
   144 | D        | Noticed a deep elf mage
   144 | D        | Noticed a hand axe of electrocution
   144 | D        | Noticed a deep elf knight
   144 | D        | Noticed a deep elf mage
   146 | D        | Killed a hand axe of electrocution
   146 | D        | Reached XP level 10. HP: 88/101 MP: 10/10
   149 | D        | Killed a deep elf mage
   149 | D        | Reached *** piety under Makhleb
   149 | D        | Reached skill level 15 in Axes
   150 | D        | Killed a deep elf mage
   152 | D        | Killed a deep elf knight
   157 | D        | Entered arena 5.
   160 | D        | Reached **** piety under Makhleb
   169 | D        | Entered arena 6.
   172 | D        | Reached ***** piety under Makhleb
   184 | D        | Got the ring "Yfu Epp" {AC+5 Stlth+}
   192 | D        | Entered arena 7.
   192 | D        | Noticed a spriggan rider
   198 | D        | Reached ****** piety under Makhleb
   200 | D        | Killed a spriggan rider
   203 | D        | Killed Norris
   212 | D        | Entered arena 8.
   236 | D        | Entered arena 9.
   236 | D        | Noticed Kife the pandemonium lord
   240 | D        | Noticed an orange demon
   259 | D        | Noticed an orange demon
   259 | D        | Noticed an orange demon
   260 | D        | Killed Jessica
   266 | D        | Killed Joseph
   270 | D        | Noticed a sun demon
   276 | D        | Killed Kife the pandemonium lord
   276 | D        | Reached skill level 15 in Shields
   276 | D        | Reached XP level 11. HP: 60/111 MP: 11/11
   290 | D        | Reached skill level 15 in Fighting
   290 | D        | Reached skill level 1 in Dodging
   290 | D        | Reached skill level 1 in Spellcasting
   290 | D        | Reached XP level 12. HP: 56/119 MP: 11/13
   301 | D        | Killed Sonja
   394 | D        | Killed Eustachio
   418 | D        | Killed Erolcha
   530 | D        | Entered arena 10.
   549 | D        | Entered arena 11.
   549 | D        | Noticed a yaktaur captain
   549 | D        | Noticed a vault guard
   549 | D        | Noticed a vault guard
   549 | D        | Noticed a vault guard
   549 | D        | Noticed a vault guard
   550 | D        | Noticed a stone giant
   550 | D        | Noticed a vault guard
   550 | D        | Noticed a vault guard
   557 | D        | Killed a vault guard
   560 | D        | Killed a vault guard
   561 | D        | Killed a vault guard
   564 | D        | Killed a stone giant
   566 | D        | Killed a yaktaur captain
   566 | D        | Killed a vault guard
   567 | D        | Reached XP level 13. HP: 128/128 MP: 14/14
   568 | D        | Killed a vault guard
   574 | D        | Killed a vault guard
   576 | D        | Got the ring "Jeiram" {Fragile +Fly MR+ Str+3}
   580 | D        | Killed Purgy
   582 | D        | Got the ring "Hen Xyda" {Wiz rC+ rN+ Str+4}
   588 | D        | Entered arena 12.
   616 | D        | Entered arena 13.
   617 | D        | Noticed Josephine
   617 | D        | Noticed Grinder
   618 | D        | Noticed Aizul
   618 | D        | Noticed Pikel
   618 | D        | Noticed Polyphemus
   619 | D        | Noticed Wiglaf
   620 | D        | Noticed Snorg
   621 | D        | Noticed Maurice
   621 | D        | Killed Pikel
   622 | D        | Noticed Terence
   625 | D        | Killed Grinder
   625 | D        | Reached skill level 1 in Evocations
   629 | D        | Killed Polyphemus
   631 | D        | Killed Snorg
   632 | D        | Killed Aizul
   634 | D        | Killed Maurice
   635 | D        | Killed Terence
   636 | D        | Killed Josephine
   639 | D        | Killed Wiglaf
   649 | D        | Killed Harold
   658 | D        | Got the +1 cloak of Okawaru's Reproof {rPois rN+ Slay+3}
   739 | D        | Killed Menkaure
   749 | D        | Killed Edmund
   756 | D        | Entered arena 14.
   757 | D        | Noticed an acid blob
   757 | D        | Noticed an azure jelly
   758 | D        | Noticed an acid blob
   758 | D        | Noticed an azure jelly
   764 | D        | Killed an acid blob
   767 | D        | Killed an azure jelly
   767 | D        | Reached skill level 5 in Evocations
   770 | D        | Killed an azure jelly
   771 | D        | Killed an acid blob
   771 | D        | Reached XP level 14. HP: 141/141 MP: 16/18
   772 | D        | Paralysed by a giant eyeball for 4 turns
   775 | D        | Gained mutation: You are frail (-10% HP). [a shining eye]
   798 | D        | Got the ring of Red Wine {Wiz rF+}
   807 | D        | Entered arena 15.
   808 | D        | Noticed a stone giant
   809 | D        | Noticed a stone giant
   819 | D        | Killed a stone giant
   823 | D        | Killed a stone giant
   823 | D        | Reached skill level 27 in Axes
   836 | D        | Entered arena 16.
   839 | D        | Noticed a starcursed mass
   840 | D        | Noticed a tentacled starspawn
   846 | D        | Paralysed by accursed screaming for 1 turns
   859 | D        | Killed a tentacled starspawn
   880 | D        | Got the ring "Yderiun" {rF+ Stlth+}
   893 | D        | Entered arena 17.
   897 | D        | Noticed a ghost moth
   903 | D        | Killed Erica
   915 | D        | Killed a ghost moth
   917 | D        | Reached skill level 10 in Evocations
   934 | D        | Killed Frances
   994 | D        | Entered arena 18.
   994 | D        | Noticed a vampire knight
   998 | D        | Noticed an ancient lich
  1001 | D        | Noticed an ancient lich
  1002 | D        | Killed a vampire knight
  1005 | D        | Noticed a ghoul
  1012 | D        | Killed an ancient lich
  1014 | D        | Reached skill level 15 in Armour
  1017 | D        | Reached XP level 15. HP: 87/141 MP: 14/23
  1018 | D        | Killed an ancient lich
  1018 | D        | Reached skill level 5 in Dodging
  1023 | D        | Killed a ghoul
  1045 | D        | Got the amulet of Wacipeti {Dismiss +Blink MR+ Slay+3}
  1099 | D        | Entered arena 19.
  1116 | D        | Noticed a lich
  1125 | D        | Noticed an Executioner
  1131 | D        | Killed a lich
  1157 | D        | Got the +3 pair of boots "Biul" {rPois Str+2}
  1193 | D        | Entered arena 20.
  1236 | D        | Got the ring "Enolecit" {EV+1 Dex+5}
  1267 | D        | Entered arena 21.
  1271 | D        | Noticed a thorn hunter
  1299 | D        | Reached XP level 16. HP: 139/155 MP: 25/27
  1304 | D        | Reached skill level 15 in Evocations
  1305 | D        | Killed a thorn hunter
  1342 | D        | Entered arena 22.
  1398 | D        | Entered arena 23.
  1409 | D        | Noticed a hellephant
  1412 | D        | Noticed a juggernaut
  1413 | D        | Noticed a hellephant
  1413 | D        | Noticed a storm dragon
  1413 | D        | a minotaur changed into a storm dragon
  1413 | D        | Noticed a juggernaut
  1413 | D        | a hellephant changed into a juggernaut
  1414 | D        | a juggernaut changed into an iron dragon
  1414 | D        | Noticed a shadow dragon
  1414 | D        | an emperor scorpion changed into a shadow dragon
  1418 | D        | Noticed a caustic shrike
  1418 | D        | Noticed a shadow dragon
  1418 | D        | an iron dragon changed into a shadow dragon
  1418 | D        | Noticed a caustic shrike
  1418 | D        | a juggernaut changed into a caustic shrike
  1418 | D        | a shadow dragon changed into an iron troll
  1420 | D        | a shadow dragon changed into a frost giant
  1420 | D        | Noticed a shard shrike
  1420 | D        | a hellephant changed into a shard shrike
  1420 | D        | a caustic shrike changed into an iron dragon
  1420 | D        | Paralysed by a giant eyeball for 3 turns
  1421 | D        | Noticed a hellephant
  1421 | D        | a shard shrike changed into a hellephant
  1423 | D        | a storm dragon changed into a minotaur
  1426 | D        | Killed a caustic shrike
  1427 | D        | Noticed a quicksilver dragon
  1427 | D        | an iron dragon changed into a quicksilver dragon
  1434 | D        | a quicksilver dragon changed into a frost giant
  1436 | D        | Noticed a titan
  1436 | D        | a hellephant changed into a titan
  1438 | D        | Noticed a quicksilver dragon
  1438 | D        | an apis changed into a quicksilver dragon
  1442 | D        | Noticed a juggernaut
  1442 | D        | a titan changed into a juggernaut
  1442 | D        | a quicksilver dragon changed into a dire elephant
  1447 | D        | Noticed a quicksilver dragon
  1447 | D        | a dire elephant changed into a quicksilver dragon
  1449 | D        | Noticed a shadow dragon
  1449 | D        | a quicksilver dragon changed into a shadow dragon
  1450 | D        | Killed a juggernaut
  1453 | D        | a shadow dragon changed into a frost giant
  1485 | D        | Got the ring "Wihuh" {*Corrode AC+4 Str+7 Int+4}
  1491 | D        | Got the ring of Hilyq {Fire Str+2 Slay+2 SInv}
  1514 | D        | Entered arena 24.
  1521 | D        | Noticed an azure jelly
  1521 | D        | Noticed an azure jelly
  1524 | D        | Noticed an acid blob
  1524 | D        | Noticed an azure jelly
  1527 | D        | Noticed an acid blob
  1527 | D        | Noticed an acid blob
  1527 | D        | Noticed an acid blob
  1527 | D        | Noticed an acid blob
  1527 | D        | Killed an azure jelly
  1528 | D        | Noticed an azure jelly
  1529 | D        | Killed an azure jelly
  1530 | D        | Noticed an acid blob
  1531 | D        | Reached skill level 27 in Shields
  1531 | D        | Reached XP level 17. HP: 171/171 MP: 2/29
  1533 | D        | Gained mutation: You are weak. (Str -2) [a shining eye]
  1536 | D        | Killed an acid blob
  1536 | D        | Reached skill level 27 in Fighting
  1543 | D        | Killed an acid blob
  1544 | D        | Killed an acid blob
  1544 | D        | Killed an acid blob
  1570 | D        | Got the ring "Honab" {Fragile +Fly Str+3 Int+2 Dex+3}
  1582 | D        | Entered arena 25.
  1582 | D        | Noticed Mnoleg
  1582 | D        | Noticed Mennas
  1582 | D        | Noticed Geryon
  1582 | D        | Noticed Nikola
  1582 | D        | Noticed Urug
  1583 | D        | Noticed Frederick
  1583 | D        | Noticed Azrael
  1585 | D        | Noticed Nessos
  1586 | D        | Noticed Dissolution
  1586 | D        | Noticed Chuck
  1587 | D        | Noticed Jory
  1588 | D        | Noticed Asmodeus
  1589 | D        | Noticed Ilsuiw
  1591 | D        | Noticed an eldritch tentacle
  1591 | D        | Noticed Saint Roka
  1591 | D        | Killed Azrael
  1592 | D        | Noticed Khufu
  1593 | D        | Noticed Margery
  1593 | D        | Killed Nessos
  1594 | D        | HP: 5/170 [Chuck/large rock of returning (30)]
  1594 | D        | HP: 2/170 [Nikola/rapier of electrocution (3)]
  1595 | D        | Noticed the 27-headed Lernaean hydra
  1595 | D        | Noticed the Serpent of Hell
  1595 | D        | Slain by Mnoleg

Skill      XL: |  1  2  3  4  5  6  7  8  9 10 11 12 13 14 15 16 17 |
---------------+----------------------------------------------------+-----
Fighting       | 6 7 8 10 12 13 14 15 16 17 20 23 26 27 | 27.0
Axes           | 5 6 8 10 14 19 22 26 27 | 27.0
Armour         | 5 7 8 10 12 13 15 16 18 20 | 20.4
Shields        | 5 6 8 10 12 13 15 16 18 20 24 27 | 27.0
Dodging        | 1 2 4 6 7 8 |  8.7
Spellcasting   | 1 |  1.0
Evocations     | 6 11 14 17 21 | 21.0

Action                   |  1- 3 |  4- 6 |  7- 9 | 10-12 | 13-15 | 16-18 || total
-------------------------+-------+-------+-------+-------+-------+-------++-------
Melee: Broad axe         |     2 |    10 |     9 |    92 |   221 |   128 ||   462
Evoke: Deck              |       |       |       |       |     6 |     4 ||    10
       Wand              |       |       |       |       |     2 |       ||     2
       Disc of storms    |       |       |       |       |       |     1 ||     1
  Use: Potion            |       |       |       |     2 |     6 |     6 ||    14
 Stab: Distracted        |       |       |       |     1 |     3 |     1 ||     5
       Invisible         |       |       |       |       |     7 |    10 ||    17
       Paralysed         |       |       |       |       |       |     1 ||     1
  Eat: Meat ration       |       |       |       |       |     1 |       ||     1
Armor: Plate armour      |     1 |     7 |     4 |    38 |   209 |   131 ||   390
Dodge: Dodged            |       |       |     1 |     7 |    56 |    83 ||   147
Block: Shield            |     3 |    21 |    12 |   134 |   377 |   266 ||   813
